 Dungeon Crawl Stone Soup version 0.28-a0-1638-g9123634e07 (webtiles) character file.

Game seed: 2013655426964359147

150 porpoise the Sneak (level 5, -7/43 HPs)
             Began as a Demonspawn Brigand on Jan 26, 2022.
             Mangled by a scorpion (8 damage)
             ... on level 6 of the Dungeon.
             The game lasted 00:10:57 (3487 turns).

porpoise the Sneak (Demonspawn Brigand)             Turns: 3487, Time: 00:10:59

Health: -7/43      AC:  6    Str: 13    XL:     5   Next: 10%
Magic:  5/5        EV: 11    Int: 12    God:
Gold:   110        SH:  0    Dex: 15    Spells: 4/4 levels left

rFire   . . .      SeeInvis .   a - +2 dagger
rCold   . . .      Faith    .   (no shield)
rNeg    . . .      Spirit   .   f - +0 robe
rPois   .          Reflect  .   (no helmet)
rElec   .          Harm     .   c - +1 cloak
rCorr   .          Rampage  .   (no gloves)
Will    .....                   (no boots)
Stlth   +++.......              r - amulet of magic regeneration
HPRegen 0.14/turn               (no ring)
MPRegen 0.58/turn               (no ring)

@: lethally poisoned (-7 -> -13)
A: thin metallic scales 1, magic regeneration, weakness stinger 1
a: no special abilities


You were on level 6 of the Dungeon.
You visited 1 branch of the dungeon, and saw 4 of its levels.

You collected 110 gold pieces.

Inventory:

Hand Weapons
 a - a +2 dagger (weapon)
 b - a +0 hunting sling
Missiles
 d - 3 poisoned darts (quivered)
 e - 2 curare-tipped darts
 g - a throwing net
 j - 51 arrows
 p - 68 stones
Armour
 c - a +1 cloak (worn)
 f - a +0 robe (worn)
Magical Staves
 m - a staff of conjuration
Jewellery
 r - an amulet of magic regeneration (around neck)
Scrolls
 i - a scroll of identify
 s - a scroll of enchant armour
Potions
 h - a potion of cancellation
 k - a potion of brilliance
 o - 2 potions of mutation


   Skills:
 * Level 4.4 Fighting
 - Level 2.0 Short Blades
 - Level 1.7 Throwing
 - Level 0.8 Dodging
 + Level 4.5 Stealth


You had 4 spell levels left.
You didn't know any spells.
Your spell library was empty.

Dungeon Overview and Level Annotations

Branches:
Dungeon (3/15)

Altars:


Innate Abilities, Weirdness & Mutations

You are partially covered in thin metallic scales. (AC +2)
You regenerate magic rapidly.
You have a small tail.


Message History

The scorpion closely misses you.
You hit the scorpion but do no damage.
You tail-slap the scorpion, but do no damage.
You feel sick. The scorpion misses you.
You hit the scorpion but do no damage.
You feel sick.
You are no longer poisoned.
The scorpion stings you but does no damage.
Okay, then.
Okay, then.
You aren't carrying any items that you can evoke.
Unknown command.
Unknown command.
Unknown command.
Unknown command.
The scorpion stings you but does no damage.
Found 20 sling bullets.
The scorpion stings you.
* * * LOW HITPOINT WARNING * * *
You are lethally poisoned!
The scorpion poisons you!
* * * LOW HITPOINT WARNING * * *
You feel very sick.
Drinking this now will have no effect.
Unknown command.
You aren't carrying any items that you can evoke.
Unknown command.
Unknown command.
You hit the scorpion.
Flame seeps out of the scorpion.
The scorpion is lightly wounded.
* * * LOW HITPOINT WARNING * * *
You feel sick.
The scorpion is engulfed in blazing flames.
Flame seeps out of the scorpion.
The scorpion stings you but does no damage.
You barely miss the scorpion.
The scorpion is heavily wounded.
* * * LOW HITPOINT WARNING * * *
You feel sick.
The scorpion is engulfed in blazing flames.
Flame seeps out of the scorpion.
The scorpion stings you!
You die...

###...# ......# .. ......###. .(
.......... . .......... .####
.......!... ######.....
.............#..........
........................ .....
.........# #@....... s....
..hs...... #s#.(.... ...s.
##.....##. #J...(#######.....
#.....##.. #.................
##.........#####.....(...........
.#...............##...........##.
s........###....##......##.......
..รท.>............#......)).......
............(..#J#.......).......


You could see a scorpion (inner flame) and a jelly (inner flame).

Vanquished Creatures
  A bullfrog zombie (D:6)
  Terence (D:3)
  An orc wizard (D:6)
  2 adders
  A shadow imp (D:3)
  An adder skeleton (D:3)
  A dart slug (D:2)
  2 orcs (D:6)
  2 ball pythons
  3 endoplasms
  A giant cockroach (D:3)
  2 goblins
  2 hobgoblins (D:2)
  3 jackals (D:1)
  3 quokkas
  3 bats (D:2)
  2 frilled lizards (D:2)
  2 kobolds (D:2)
  4 rats
37 creatures vanquished.

Notes
Turn   | Place    | Note
-------+----------+-------------------------------------------
     0 | D:1      | porpoise the Demonspawn Brigand began the quest for the
                  | Orb.
     0 | D:1      | Reached XP level 1. HP: 16/16 MP: 1/1
   490 | D:1      | Found a faded altar of an unknown god.
   943 | D:1      | Gained mutation: You have a small tail. [demonic ancestry]
   943 | D:1      | Reached XP level 2. HP: 11/23 MP: 2/2
  2110 | D:2      | Gained mutation: You are partially covered in thin metallic
                  | scales. (AC +2) [demonic ancestry]
  2110 | D:2      | Reached XP level 3. HP: 29/29 MP: 3/3
  2264 | D:3      | Noticed Terence
  2267 | D:3      | Killed Terence
  2376 | D:3      | Reached XP level 4. HP: 22/37 MP: 4/4
  2942 | D:3      | You fall into a shaft and drop 3 floors!
  3198 | D:6      | Noticed a scorpion
  3300 | D:6      | Gained mutation: You regenerate magic rapidly. [demonic
                  | ancestry]
  3300 | D:6      | Reached XP level 5. HP: 3/43 MP: 5/5
  3461 | D:6      | Noticed an ogre
  3487 | D:6      | HP: 1/43 [poisoned by a scorpion]
  3487 | D:6      | Mangled by a scorpion

Illustrated notes

Levels and vault maps discovered:
D:1:      dpeg_arrival_three_smaller_balls, layout_basic,
          chequers_ecumenical_altar_lobes
D:2:      layout_basic
D:3:      layout_basic, kennysheep_nub, hangedman_feature_mirror, uniq_terence
D:6:      layout_basic, enter_ossuary_2, minmay_holes, minmay_tree_intersection

Skill      XL: |  1  2  3  4 |
---------------+-------------+-----
Short Blades   | 2 |  2.0
Fighting       | 3 4 |  4.4
Stealth        | 4 |  4.5
Throwing       | |  1.7
Dodging        | |  0.8

Action                   |  1- 3 |  4- 6 || total
-------------------------+-------+-------++-------
Melee: Dagger            |   103 |    83 ||   186
       Tailslap          |    12 |    13 ||    25
       Punch             |       |     3 ||     3
 Fire: Hunting sling     |       |    11 ||    11
Throw: Dart              |     6 |     8 ||    14
  Use: Potion            |     2 |     3 ||     5
       Scroll            |       |     6 ||     6
 Stab: Sleeping          |     3 |       ||     3
Armor: Robe              |    26 |    30 ||    56
Dodge: Dodged            |    56 |    44 ||   100

Table legend: (Time is in decaauts)
 A = Elapsed time spent in this place.
 B = Non-inter-level travel time spent in this place.
 C = Inter-level travel time spent in this place.
 D = Time resting spent in this place.
 E = Time spent auto-exploring this place.
 F = Levels seen in this place.
 G = Mean time per level.
                   A        B        C        D        E       F      G
               +--------+--------+--------+--------+--------+-----+--------+
         Total |   3462 |   3423 |     39 |   1096 |   1874 |   4 |  865.5 |
       Dungeon |   3462 |   3423 |     39 |   1096 |   1874 |   4 |  865.5 |
               +--------+--------+--------+--------+--------+-----+--------+

Top non-repeatable levels by time:
     D:1: 1352 daAuts
     D:2: 903 daAuts
     D:3: 671 daAuts
     D:6: 535 daAuts
